 Dungeon Crawl Stone Soup version 0.20-a0-1034-gb277f92 (webtiles) character file.

886 mopl the Charmwright (level 7, 3/39 HPs)
             Began as a Deep Elf Skald on Apr 21, 2017.
             Quit the game on level 4 of the Dungeon.
             The game lasted 00:14:29 (6853 turns).

mopl the Charmwright (Deep Elf Skald)               Turns: 6853, Time: 00:14:30

Health: 3/39       AC:  5    Str: 15    XL:     7   Next: 76%
Magic:  3/13       EV: 13    Int: 18    God:
Gold:   214        SH:  0    Dex: 16    Spells: 3/12 levels left

rFire    . . .     SeeInvis +   K - +1 whip (elec)
rCold    . . .     Gourm    .   (no shield)
rNeg     . . .     Faith    .   D - -2 leather armour (curse)
rPois    +         Spirit   .   y - +0 helmet
rElec    .         Reflect  .   (no cloak)
rCorr    .         Harm     .   n - +0 pair of gloves
MR       +....                  (no boots)
Stlth    +++.......             (no amulet)
Regen    0.2/turn               J - ring of see invisible
MPRegen  0.2/turn               l - ring of poison resistance

@: mighty, lethally poisoned (3 -> -10), infused (expiring), very slightly
contaminated
A: yellow scales 1, magic resistance 1, strong 1
a: no special abilities


You were on level 4 of the Dungeon.
You were not hungry.

You visited 1 branch of the dungeon, and saw 6 of its levels.

You collected 214 gold pieces.

Inventory:

Hand Weapons
 a - a +0 rapier
 b - a +0 dagger of venom
 m - a +0 short sword
 B - a +1 falchion of draining
 K - a +1 whip of electrocution (weapon)
Missiles
 j - 6 needles of confusion
 q - 18 poisoned needles
 G - 5 needles of sleeping
 H - 8 tomahawks (quivered)
Armour
 n - a +0 pair of gloves (worn)
 p - a +0 shield
 u - a +0 leather armour
 y - a +0 helmet (worn)
 D - a cursed -2 leather armour (worn)
Jewellery
 f - an uncursed ring of ice
 h - a +4 ring of intelligence
 l - a ring of poison resistance (right hand)
 F - an uncursed ring of ice
 I - an uncursed ring of fire
 J - a ring of see invisible (left hand)
Wands
 k - a wand of polymorph (9/24)
 v - a wand of disintegration (24/24)
Scrolls
 e - a scroll of remove curse
 g - 2 scrolls of recharging
 w - a scroll of fear {unknown}
 C - a scroll of teleportation {unknown}
Potions
 i - a potion of flight
 r - a potion of cancellation
 t - 4 potions of mutation {!q}
 z - a potion of might
 A - a potion of agility
Books
 c - a book of Battle

   Spells                             Type                      Level
   a - Infusion                       Charms                       1
   b - Shroud of Golubria             Charms/Translocation         2
   c - Song of Slaying                Charms                       2
   d - Spectral Weapon                Hexes/Charms                 3
   e - Regeneration                   Charms/Necromancy            3
Comestibles
 d - 6 bread rations
 o - 20 fruits
 s - 4 royal jellies
 x - 2 meat rations
 E - 6 chunks of flesh


   Skills:
 + Level 1.7 Fighting
 * Level 6.7 Short Blades
 - Level 0.7 Armour
 + Level 2.7 Dodging
 + Level 5.9 Stealth
 - Level 3.0 Spellcasting
 - Level 6.8 Charms
 + Level 0.0 Necromancy


You had 3 spell levels left.
You knew the following spells:

 Your Spells              Type           Power        Failure   Level  Hunger
a - Infusion              Chrm           ####         1%          1    None
b - Spectral Weapon       Hex/Chrm       ##......     14%         3    ###....
f - Shroud of Golubria    Chrm/Tloc      ##........   8%          2    ##.....
r - Regeneration          Chrm/Necr      ##........   14%         3    ###....


Dungeon Overview and Level Annotations

Branches:
Dungeon (6/15)
 Temple: D:4-7

Altars:
Ashenzari
Makhleb
Uskayaw
Wu Jian
The Shining One

Annotations:
D:5 dvd's ghost, novice DsNe


Innate Abilities, Weirdness & Mutations

You are partially covered in yellow scales. (AC +2)
You are resistant to hostile enchantments. (MR+)
Your muscles are strong. (Str +2)


Message History

You don't have enough magic to cast that spell.
* * * LOW HITPOINT WARNING * * *
You feel sick.
* * * LOW HITPOINT WARNING * * *
You feel sick.
* * * LOW HITPOINT WARNING * * *
You feel sick.
Your magical infusion is running out.
* * * LOW HITPOINT WARNING * * *
You feel sick.
* * * LOW HITPOINT WARNING * * *
You feel sick.
It was a potion of might.
You feel very mighty all of a sudden.
* * * LOW HITPOINT WARNING * * *
You feel sick.
Okay, then.
Unknown command.
Unknown command.
Are you sure you want to abandon this character and quit the game? (Confirm with "yes".)

#.......# ######## ###....##
######......# #.##.##
#......####.# #......
##.###..####.# #######.. #..#
#..<.##.# ####≈≈≈≈≈#..
#..###.)#.##.# #..#≈8.8≈##.
#.......#.##.##### #..'.._..'..
#.##.##........@.####.##≈8.8≈##.
#.##.##.#######........#≈≈≈≈≈##.
#.##.##.# ##.###...#########
#.......# ##########..#..#)##.#
####)#### #......÷##.....)..#.#
##.[.# #.............###...##
########.# #.......##.##.#
#.#... #.#∩#.##.#
#..........#..###.....
#.._..##.#
#.......####......#...


There were no monsters in sight!

Vanquished Creatures
  Sigmund (D:2)
  An ice beast (D:5)
  A quasit (D:5)
  A hound (D:4)
  3 orc priests (D:3)
  A gnoll shaman (D:4)
  4 orc wizards
  Natasha (thrice) (D:2)
  3 worker ants
  5 gnolls
  A howler monkey skeleton (D:5)
  3 adders
  3 worms
  3 dart slugs
  6 leopard geckos
  15 orcs
  2 ball pythons
  6 giant cockroaches
  8 goblins
  15 hobgoblins
  2 jackals
  3 kobolds
  A quokka (D:4)
  7 bats
  3 frilled lizards
  A leopard gecko skeleton (D:4)
  12 rats
114 creatures vanquished.

Notes
Turn   | Place    | Note
-------+----------+-------------------------------------------
     0 | D:1      | mopl the Deep Elf Skald began the quest for the Orb.
     0 | D:1      | Reached XP level 1. HP: 12/12 MP: 6/6
   316 | D:1      | Reached skill level 1 in Stealth
   316 | D:1      | Reached XP level 2. HP: 14/16 MP: 8/8
   792 | D:1      | Reached skill level 3 in Short Blades
  1156 | D:2      | Learned a level 2 spell: Shroud of Golubria
  1177 | D:2      | Reached XP level 3. HP: 16/20 MP: 5/9
  1186 | D:2      | Reached skill level 2 in Stealth
  1216 | D:2      | Noticed Natasha
  1418 | D:3      | Learned a level 3 spell: Spectral Weapon
  1510 | D:2      | Killed Natasha
  1671 | D:2      | Noticed Natasha
  1674 | D:2      | Killed Natasha
  1674 | D:2      | Reached XP level 4. HP: 22/25 MP: 4/10
  1682 | D:2      | Learned a level 3 spell: Regeneration
  1818 | D:2      | Reached skill level 3 in Stealth
  1878 | D:2      | Found an ornate altar of the Wu Jian Council.
  1904 | D:2      | Reached skill level 4 in Short Blades
  2035 | D:2      | Noticed Sigmund
  2102 | D:2      | Noticed Natasha
  2122 | D:2      | Killed Natasha
  2604 | D:3      | Found a hide-covered altar of Uskayaw.
  2676 | D:2      | Reached XP level 5. HP: 15/29 MP: 3/11
  3205 | D:3      | Found a faded altar of an unknown god.
  3770 | D:2      | Found an ornate altar of the Wu Jian Council.
  4009 | D:2      | Killed Sigmund
  4009 | D:2      | Reached skill level 5 in Short Blades
  4009 | D:2      | Reached skill level 4 in Stealth
  4009 | D:2      | Reached skill level 5 in Charms
  4009 | D:2      | Reached XP level 6. HP: 34/34 MP: 12/12
  4783 | D:3      | Gained mutation: You are partially covered in yellow scales. (AC +2) [potion of mutation]
  4783 | D:3      | Gained mutation: You are resistant to hostile enchantments. (MR+) [potion of mutation]
  4783 | D:3      | Gained mutation: Your muscles are strong. (Str +2) [potion of mutation]
  5447 | D:3      | Reached skill level 6 in Charms
  5466 | D:4      | Reached skill level 5 in Stealth
  5599 | D:3      | Reached XP level 7. HP: 32/38 MP: 9/13
  6024 | D:4      | Reached skill level 6 in Short Blades
  6106 | D:4      | Found a shattered altar of Ashenzari.
  6161 | D:4      | Found a burning altar of Makhleb.
  6325 | D:5      | Entered Level 5 of the Dungeon
  6601 | D:5      | Noticed dvd's ghost (novice DsNe)
  6726 | D:5      | Found a glowing golden altar of the Shining One.
  6853 | D:4      | Quit the game

Vault maps used:
D:1:      dpeg_arrival_circle_labyrinth_a, minmay_misc_feat_hallway
D:2:      lemuel_crystal_altar, first_bread, uniq_natasha, uniq_sigmund
D:3:      eat_drink_and_be_merry_uskayaw, chequers_ecumenical_altar_simple,
          guppyfry_early_lair_pool
D:4:      kennysheep_little_box, makhleb_heckhound_becter
D:5:      tso_metal_star
D:6:      lemuel_crystal_altar, temple_pool_b

Skill      XL: |  1  2  3  4  5  6  7 |
---------------+----------------------+-----
Stealth        | 1 2 3 4 5 |  5.9
Short Blades   | 3 4 5 6 |  6.7
Charms         | 5 6 |  6.8
Fighting       | |  1.7
Armour         | |  0.7
Dodging        | |  2.7
Spellcasting   | |  3.0

Action                   |  1- 3 |  4- 6 |  7- 9 || total
-------------------------+-------+-------+-------++-------
Melee: Short sword       |    78 |       |       ||    78
       Rapier            |     1 |    66 |    13 ||    80
       Unarmed           |       |     6 |       ||     6
       Dagger            |       |   186 |   108 ||   294
       Whip              |       |       |    11 ||    11
 Cast: Infusion          |    11 |     8 |     5 ||    24
       Spectral Weapon   |     1 |     2 |       ||     3
       Shroud of Golubri |     1 |     1 |     4 ||     6
       Regeneration      |       |     3 |     7 ||    10
Evoke: Wand              |       |     3 |       ||     3
  Use: Scroll            |       |     6 |     2 ||     8
       Potion            |       |     3 |     1 ||     4
 Stab: Sleeping          |     3 |     3 |     5 ||    11
  Eat: Chunk             |     2 |    14 |     5 ||    21
Armor: Leather armour    |    14 |    51 |    44 ||   109
       Skin              |       |     1 |       ||     1
Dodge: Dodged            |    45 |   135 |    68 ||   248
